 Dungeon Crawl Stone Soup version 0.28-a0-1624-g820543e53a (webtiles) character file.

Game seed: 9488026410537710691

20 jlumianski the Firebug (level 2, 0/30 HPs)
             Began as a Hill Orc Fire Elementalist on Jan 23, 2022.
             Succumbed to an adder's poison
             ... on level 2 of the Dungeon.
             The game lasted 00:03:01 (523 turns).

jlumianski the Firebug (Hill Orc Fire Elementalist)  Turns: 523, Time: 00:03:02

Health: 0/30       AC: 21    Str: 10    XL:     2   Next: 79%
Magic:  3/4        EV:  2    Int: 15    God:
Gold:   31         SH:  0    Dex: 11    Spells: 1/4 levels left

rFire   . . .      SeeInvis .   g - +0 spear
rCold   . . .      Faith    .   (no shield)
rNeg    . . .      Spirit   .   (armour currently unavailable)
rPois   +          Reflect  .   (helmet currently unavailable)
rElec   .          Harm     .   (cloak currently unavailable)
rCorr   .          Rampage  .   (gloves currently unavailable)
Will    .....      NoTele   +   (boots currently unavailable)
Stlth   ++........              (no amulet)
HPRegen 0.10/turn               (no ring)
MPRegen 0.09/turn               (no ring)

@: lethally poisoned (0 -> -1), tree-form
A: stationary, stasis, torment immunity, boosted hp
a: no special abilities


You were on level 2 of the Dungeon.
You were a tree.
You visited 1 branch of the dungeon, and saw 2 of its levels.

You collected 31 gold pieces.

Inventory:

Hand Weapons
 c - a +0 hunting sling
 g - a +0 spear (weapon)
Armour
 a - a +0 robe (melded)
Scrolls
 d - a scroll of identify {unknown}
 e - a scroll of silence {unknown}
 f - 2 scrolls of vulnerability {unknown}


   Skills:
 + Level 1.8 Dodging
 + Level 1.6 Stealth
 + Level 1.9 Spellcasting
 + Level 1.0 Conjurations
 + Level 3.8 Fire Magic


You had one spell level left.
You knew the following spells:

 Your Spells              Type           Power      Damage    Failure   Level
a - Foxfire               Conj/Fire      32%        2x1d5     9%          1
b - Scorch                Fire           24%        2d6       7%          2

Your spell library contained the following spells:

 Spells                   Type           Power      Damage    Failure   Level
 Conjure Flame            Conj/Fire      8%         6-21      24%         3
 Inner Flame              Hex/Fire       7%         N/A       30%         3
 Flame Wave               Conj/Fire      8%         2d5       63%         4


Dungeon Overview and Level Annotations

Branches:
Dungeon (2/15)

Altars:


Message History

You feel sick. The adder misses you. The adder bites you.
You feel sick. The adder bites you.
You are lethally poisoned!
The adder poisons you!
Your magical contamination has completely faded away.
You feel sick. The adder completely misses you.
You feel sick. The adder bites you. x2
You feel less invigorated.
You feel less confused.
You feel sick. The adder bites you.
You feel sick.
Casting: Foxfire (safe; 9% risk of failure)
Confirm with . or Enter, or press ? or * to list all spells.
You conjure some foxfire!
You feel sick. The adder bites you.
* * * LOW HITPOINT WARNING * * *
You hit the adder.
The adder is heavily wounded.
You feel sick.
The foxfire hits the adder.
The adder is severely wounded.
The adder barely misses you. The adder bites you.
* * * LOW HITPOINT WARNING * * *
You are lethally poisoned!
The adder poisons you!
Casting: Foxfire (safe; 9% risk of failure)
Confirm with . or Enter, or press ? or * to list all spells.
You conjure some foxfire!
* * * LOW HITPOINT WARNING * * *
You feel sick. The adder closely misses you.
You hit the adder.
The adder is almost dead.
* * * LOW HITPOINT WARNING * * *
You feel sick.
The foxfire hits the adder.
You kill the adder!
It was a potion of lignification.
You turn into a tree.
Your +0 robe melds into your body.
Your roots penetrate the ground.
* * * LOW HITPOINT WARNING * * *
You feel sick.
* * * LOW HITPOINT WARNING * * *
You feel sick.
You die...

## ##### ##.
###.#.# ..
#.....# #.
###.#.#
#.#####.#.#
#.....†♣#.#
###########.#
............#
########..###
####.#.###
####........##
..........#..##
......#.......##
...#...##.#....##


There were no monsters in sight!

Vanquished Creatures
  An adder (D:2)
  A worm (D:2)
  A ball python (D:1)
  2 endoplasms
  A goblin (D:1)
  A bat (D:2)
  2 rats (D:1)
9 creatures vanquished.

Vanquished Creatures (others)
  20 foxfires
20 creatures vanquished.

Grand Total: 29 creatures vanquished

Notes
Turn   | Place    | Note
-------+----------+-------------------------------------------
     0 | D:1      | jlumianski the Hill Orc Fire Elementalist began the quest
                  | for the Orb.
     0 | D:1      | Reached XP level 1. HP: 14/14 MP: 3/3
   270 | D:2      | Reached XP level 2. HP: 20/20 MP: 0/4
   311 | D:2      | Learned a level 2 spell: Scorch
   522 | D:2      | HP: 1/30 [poisoned by an adder]
   523 | D:2      | Succumbed to an adder's poison

Illustrated notes

Levels and vault maps discovered:
D:1:      shiori_arrival_maze, layout_basic, chequers_serial_rivers_micro_d
D:2:      layout_basic, hellmonk_ecumenical_altar_leap_of_faith, serial_rivers,
          chequers_serial_rivers_room_a, chequers_serial_rivers_micro_a,
          chequers_serial_rivers_micro_e, chequers_serial_rivers_small_b,
          chequers_serial_rivers_large_a, chequers_serial_rivers_large_b,
          hangedman_decor_opposing, minmay_pentomino_p2, uniq_robin,
          uniq_jessica

Action                   || total
-------------------------++-------
Melee: Unarmed           ||     1
       Spear             ||    10
 Cast: Foxfire           ||    12
  Use: Potion            ||     3
Armor: Robe              ||     1
Dodge: Dodged            ||    15

Table legend: (Time is in decaauts)
 A = Elapsed time spent in this place.
 B = Non-inter-level travel time spent in this place.
 C = Inter-level travel time spent in this place.
 D = Time resting spent in this place.
 E = Time spent auto-exploring this place.
 F = Levels seen in this place.
 G = Mean time per level.
                   A        B        C        D        E       F      G
               +--------+--------+--------+--------+--------+-----+--------+
         Total |    523 |    523 |      0 |      0 |    305 |   2 |  261.5 |
       Dungeon |    523 |    523 |      0 |      0 |    305 |   2 |  261.5 |
               +--------+--------+--------+--------+--------+-----+--------+

Top non-repeatable levels by time:
     D:2: 304 daAuts
     D:1: 219 daAuts
